 Dungeon Crawl Stone Soup version 0.25.1-2-g60ff931df9 (webtiles) character file.

Game seed: 180766975871285629

364 Delamore the Cudgeler (level 6, -2/37 HPs)
             Began as a Gargoyle Fighter on July 29, 2020.
             Was an Initiate of Okawaru.
             Slain by an orc warrior
             ... wielding a +0 halberd
              (10 damage)
             ... on level 6 of the Dungeon.
             The game lasted 00:04:12 (3358 turns).

Delamore the Cudgeler (Gargoyle Fighter)            Turns: 3358, Time: 00:04:13

Health: -2/37      AC: 12    Str: 21    XL:     6   Next: 67%
Magic:  0/6        EV:  7    Int: 15    God:    Okawaru [......]
Gold:   218        SH:  0    Dex:  9    Spells: 5/5 levels left

rFire    . . .     SeeInvis .   a - +0 flail
rCold    . . .     Gourm    .   c - +0 kite shield
rNeg     + . .     Faith    .   b - +0 scale mail
rPois    ∞         Spirit   +   j - +0 helmet
rElec    +         Reflect  .   (no cloak)
rCorr    .         Harm     .   (no gloves)
MR       .....                  (no boots)
Stlth    ..........             o - amulet of guardian spirit
HPRegen  0.12/turn              n - +6 ring of intelligence
MPRegen  0.10/turn              (no ring)

@: confused
A: negative energy resistance 1, electricity resistance, unbreathing,
petrification resistance, rot immunity, AC +4
a: Renounce Religion


You were on level 6 of the Dungeon.
You worshipped Okawaru.
Okawaru was noncommittal.
You were hungry.

You visited 1 branch of the dungeon, and saw 6 of its levels.

You collected 246 gold pieces.
You spent 28 gold pieces at shops.

Inventory:

Hand Weapons
 a - a +0 flail (weapon)
Armour
 b - a +0 scale mail (worn)
 c - a +0 kite shield (worn)
 j - a +0 helmet (worn)
Jewellery
 n - a +6 ring of intelligence (left hand)
 o - an amulet of guardian spirit (around neck)
 r - an uncursed ring of ice
 s - a +6 ring of dexterity {unknown}
Scrolls
 e - 3 scrolls of teleportation {unknown}
 h - 7 scrolls of identify
 i - a scroll of immolation {unknown}
 k - a scroll of remove curse {unknown}
 p - a scroll of magic mapping {unknown}
 q - 2 scrolls of enchant armour {unknown}
Potions
 d - a potion of might
 g - 2 potions of stabbing {unknown}
 l - a potion of haste {unknown}
 m - 2 potions of curing {unknown}
 t - 2 potions of degeneration {unknown}
 u - 2 potions of brilliance {unknown}
Comestibles
 f - 7 rations
 v - 4 chunks of flesh


   Skills:
 - Level 3.2 Fighting
 + Level 6.9 Maces & Flails
 - Level 3.2 Armour
 - Level 3.2 Shields


You had 5 spell levels left.
You didn't know any spells.
Your spell library was empty.

Dungeon Overview and Level Annotations

Branches:
Dungeon (6/15)
 Temple: D:4-7

Altars:
Ashenzari
Dithmenos
Makhleb
Nemelex Xobeh
Okawaru
Xom
Yredelemnul
The Shining One

Shops:
D:4 ?


Innate Abilities, Weirdness & Mutations

You are resistant to torment.
Your stone body is resilient. (AC +4)
You are immune to poison.
You resist negative energy. (rN+)
You are resistant to electric shocks. (rElec)
You can survive without breathing.
You are immune to petrification.
You are immune to rotting.


Message History

You are too injured to fight recklessly!
You are too injured to fight recklessly!
You are too injured to fight recklessly!
You are too injured to fight recklessly!
You are too injured to fight recklessly!
The bullfrog hits you.
* * * LOW HITPOINT WARNING * * *
The bullfrog hits you but does no damage.
Something hits you but does no damage.
You see here a potion of might.
The orc wizard points at you and mumbles some strange words.
The magic dart hits something.
You hear some strange, mumbled words.
Something tries to affect you, but you resist.
The bullfrog hits you but does no damage.
Your shield and scale mail prevent you from hitting the bullfrog.
The bullfrog hits you.
* * * LOW HITPOINT WARNING * * *
The orc warrior hits you from afar with a +0 halberd!
You die...

#.#.... .# ## .......
.##.###
.[......#......# .
##.............# .
...#..##...o...# ...
..........##{o.#
..................o..#
..............##F....#
...............#@...##
....##...>........###
.....#...........##
.....#...........#
.......#.....(...#
.##....#....÷....#
..#.............##
................#
.......##.....###


You could see an orc warrior, a bullfrog and 2 orc wizards.

Vanquished Creatures
  A necrophage (D:5)
  A hound (D:5)
  A jelly (D:6)
  An iguana (D:5)
  Terence (D:2)
  An orc wizard (D:5)
  A worker ant (D:4)
  3 adders
  2 worms
  A dart slug (D:1)
  A leopard gecko (D:3)
  5 orcs
  6 giant cockroaches
  6 hobgoblins
  14 jackals
  A quokka (D:6)
  A ball python (D:1)
  7 bats
  4 frilled lizards
  6 goblins
  10 kobolds
  A quokka skeleton (D:5)
  7 rats
82 creatures vanquished.

Notes
Turn   | Place    | Note
-------+----------+-------------------------------------------
     0 | D:1      | Delamore the Gargoyle Fighter began the quest for the Orb.
     0 | D:1      | Reached XP level 1. HP: 14/14 MP: 1/1
    65 | D:1      | Reached XP level 2. HP: 6/19 MP: 2/2
   469 | D:1      | Reached skill level 3 in Maces & Flails
   541 | D:1      | You fall into a shaft and drop 1 floor!
   730 | D:1      | Reached XP level 3. HP: 23/23 MP: 3/3
  1696 | D:2      | Reached skill level 4 in Maces & Flails
  1809 | D:2      | Found a glowing golden altar of the Shining One.
  1812 | D:2      | Found a shadowy altar of Dithmenos.
  1815 | D:2      | Found a shimmering altar of Xom.
  1937 | D:2      | Reached XP level 4. HP: 28/28 MP: 4/4
  2031 | D:2      | Found a shattered altar of Ashenzari.
  2031 | D:2      | Found a burning altar of Makhleb.
  2103 | D:2      | Noticed Terence
  2107 | D:2      | Killed Terence
  2227 | D:3      | Found a sparkling altar of Nemelex Xobeh.
  2327 | D:3      | You fall into a shaft and drop 2 floors!
  2327 | D:5      | Entered Level 5 of the Dungeon
  2381 | D:5      | Noticed a necrophage
  2389 | D:5      | Killed a necrophage
  2389 | D:5      | Reached skill level 5 in Maces & Flails
  2389 | D:5      | Reached XP level 5. HP: 32/32 MP: 5/5
  2463 | D:4      | Found a basalt altar of Yredelemnul.
  2597 | D:4      | Found Ebajess's Magic Scroll Shoppe.
  2609 | D:4      | Reached skill level 6 in Maces & Flails
  2609 | D:4      | Reached XP level 6. HP: 34/37 MP: 6/6
  2643 | D:4      | Bought a scroll of identify for 28 gold pieces
  3088 | D:5      | Found an iron altar of Okawaru.
  3207 | D:5      | Became a worshipper of Warmaster Okawaru
  3347 | D:6      | Noticed an orc warrior
  3358 | D:6      | Slain by an orc warrior

Illustrated notes

Levels and vault maps discovered:
D:1:      elethiomel_arrival_maze, layout_basic
D:2:      layout_loops_cross, gammafunk_temple_overflow_elements,
          grunt_temple_overflow_diamond, first_ration, uniq_terence
D:3:      minmay_bubble_buster, layout_loops_ring,
          nicolae_overflow_crystal_walls, uniq_robin
D:4:      layout_basic, serial_shops, nicolae_shop_waterfront,
          yredelemnul_altar_generic
D:5:      layout_basic, basic_altar
D:6:      layout_cave_pools, lemuel_doored_altar, temple_statues,
          nicolae_gozag_seed_capital

Skill      XL: |  1  2  3  4  5 |
---------------+----------------+-----
Maces & Flails | 3 4 5 6 |  6.9
Fighting       | |  3.2
Armour         | |  3.2
Shields        | |  3.2

Action                   |  1- 3 |  4- 6 || total
-------------------------+-------+-------++-------
Melee: Flail             |   186 |   150 ||   336
  Eat: Chunk             |     4 |     4 ||     8
Armor: Scale mail        |   118 |    68 ||   186
Dodge: Dodged            |    61 |    42 ||   103
Block: Kite shield       |   102 |    65 ||   167
